 Dungeon Crawl Stone Soup version 0.18.1-50-g88ac8fd (webtiles) character file.

99 Nordron the Firebug (level 4, -2/24 HPs)
             Began as a Tengu Fire Elementalist on Sept 22, 2016.
             Slain by Gargoyl's ghost (4 damage)
             ... on level 3 of the Dungeon.
             The game lasted 00:17:17 (1709 turns).

Nordron the Firebug (Tengu Fire Elementalist)       Turns: 1709, Time: 00:17:17

Health: -2/24      AC:  4    Str:  8    XL:     4   Next: 72%
Magic:  4/9        EV: 11    Int: 17    God:
Gold:   141        SH:  0    Dex: 14    Spells: 2 memorised, 4 levels left

rFire  . . .     SeeInvis .     v - +0 mace
rCold  . . .     Gourm    .     t - +1 leather armour
rNeg   . . .     Faith    .     (no shield)
rPois  .         Spirit   .     (helmet restricted)
rElec  .         Dismiss  .     (no cloak)
rCorr  .         Reflect  .     (no gloves)
SustAt .         Harm     .     (boots unavailable)
MR     .....                    (no amulet)
Stlth  +.........               (no ring)
                                (no ring)

@: heavily drained, not resistant to hostile enchantments, very unstealthy
A: beak, talons 3
a: no special abilities


You were on level 3 of the Dungeon.
You were not hungry.

You visited 1 branch of the dungeon, and saw 3 of its levels.

You collected 141 gold pieces.

Inventory:

Hand Weapons
 e - a +0 dagger
 u - a +0 flail
 v - a +0 mace (weapon)
Armour
 a - a +0 robe
 t - a +1 leather armour (worn)
Jewellery
 h - an uncursed amulet of faith
Scrolls
 g - a scroll of enchant weapon {unknown}
 i - a scroll of recharging {unknown}
 m - 2 scrolls of random uselessness
 n - 2 scrolls of identify
 s - a scroll of remove curse
Potions
 j - a potion of berserk rage {unknown}
 k - a potion of agility {unknown}
 o - 2 potions of might
 q - a potion of brilliance {unknown}
 w - a potion of curing {unknown}
Books
 b - a book of Flames

   Spells                             Type                      Level
   a - Flame Tongue                   Conjuration/Fire             1
   b - Throw Flame                    Conjuration/Fire             2
   c - Conjure Flame                  Conjuration/Fire             3
   d - Inner Flame                    Hexes/Fire                   3
   e - Sticky Flame                   Conjuration/Fire             4
   f - Fireball                       Conjuration/Fire             5
Comestibles
 c - 5 bread rations
 l - 2 meat rations
 p - a slice of pizza


   Skills:
 + Level 2.6(1.3) Dodging
 + Level 2.1(0.8) Stealth
 + Level 0.2(0.0) Unarmed Combat
 + Level 2.9(1.5) Spellcasting
 + Level 2.4(1.1) Conjurations
 + Level 4.4(3.0) Fire Magic


You had 4 spell levels left.
You knew the following spells:

 Your Spells              Type           Power        Failure   Level  Hunger
a - Flame Tongue          Conj/Fire      #....        17%         1    ##.....
b - Conjure Flame         Conj/Fire      #.......     45%         3    ####...


Dungeon Overview and Level Annotations

Branches:
Dungeon (3/15)

Altars:
Fedhas
Pakellas
Qazlal

Annotations:
D:3 Gargoyl's ghost, weakling DsAK


Innate Abilities, Weirdness & Mutations

You have a beak for a mouth.
You have claws for feet.


Message History

Read which item? (? for menu, Esc to quit)
As you read the scroll labeled SIECIT JIOSK, it crumbles to dust.
It is a scroll of enchant armour.
Enchant which item? (? for menu, Esc to quit)
You don't have any such object.
Enchant which item? (? for menu, Esc to quit)
Huh?
Enchant which item? (? for menu, Esc to quit)
Your +0 leather armour glows green for a moment.
Gargoyl's ghost closely misses you.
Read which item? (? for menu, Esc to quit)
As you read the scroll labeled ZEARUGI WUENN, it crumbles to dust.
The creatures around you are filled with an inner flame!
It was a scroll of immolation.
Gargoyl's ghost hits you.
* * * LOW HITPOINT WARNING * * *
You feel drained.
* * * LOW HITPOINT WARNING * * *
Your magical contamination has completely faded away.
Gargoyl's ghost hits you.
You die...

#.#.##.##.####.######
#.#.................#
#.#######.####.####.#
###....## #..(...# #.#
####....#..# ######## #.#
.......###.# ###.####
.###....#..####### #......#
......#...##.....# #.#.##.#
.......#..##....@#
###.#..#.#
...............W.#
#........#
.........###.....#
#.#.##...# ...PPP...#
#.....# #.#......#
≈..PPP...# ####### #
##....## ...._PP### # #.##.#
...PPPP# #.##.##.# ....PP##
######## #.......#
#.##.#.###......#######.####


You could see Gargoyl's ghost (inner flame).

Vanquished Creatures
  3 adders (D:3)
  2 oozes
  3 dart slugs
  2 giant geckos
  9 orcs (D:3)
  2 giant cockroaches
  2 hobgoblins (D:1)
  4 kobolds
  2 bats
  4 giant newts
  10 goblins
  5 rats
48 creatures vanquished.

Notes
Turn   | Place    | Note
--------------------------------------------------------------
     0 | D:1      | Nordron the Tengu Fire Elementalist began the quest for the Orb.
     0 | D:1      | Reached XP level 1. HP: 10/10 MP: 4/4
   152 | D:1      | Reached XP level 2. HP: 15/15 MP: 3/6
   266 | D:1      | Reached skill level 4 in Fire Magic
   473 | D:1      | Reached XP level 3. HP: 19/19 MP: 5/7
   729 | D:2      | Found an oddly glowing altar of Pakellas.
  1247 | D:3      | Reached XP level 4. HP: 18/24 MP: 3/8
  1256 | D:3      | Learned a level 3 spell: Conjure Flame
  1352 | D:3      | Found a stormy altar of Qazlal.
  1358 | D:3      | Found a blossoming altar of Fedhas.
  1630 | D:3      | Noticed Gargoyl's ghost (weakling DsAK)
  1697 | D:3      | HP: 1/24 [Gargoyl's ghost (1)]
  1709 | D:3      | Slain by Gargoyl's ghost

Skill      XL: |  1  2  3 |
---------------+----------+-----
Fire Magic     | 4 |  4.4
Conjurations   | 2 |  2.4
Dodging        | |  2.6
Stealth        | |  2.1
Unarmed Combat | |  0.2
Spellcasting   | |  2.9

Action                   |  1- 3 |  4- 6 || total
-------------------------+-------+-------++-------
Melee: Unarmed           |     3 |       ||     3
       Kick              |     2 |     2 ||     4
       Club              |     4 |     6 ||    10
       Peck              |     1 |     1 ||     2
       Dagger            |     1 |       ||     1
 Cast: Flame Tongue      |    47 |    35 ||    82
  Use: Scroll            |       |     4 ||     4
       Potion            |       |     1 ||     1
  Eat: Chunk             |     2 |     1 ||     3
Armor: Robe              |     1 |     2 ||     3
Dodge: Dodged            |    12 |    13 ||    25
